 Dungeon Crawl Stone Soup version 0.18-a0-1164-g7046a04 (console) character file.

550 FoCheiMinh the Firebug (level 7, -2/47 HPs)
             Began as a Formicid Fire Elementalist on Jan 26, 2016.
             Was a Priest of Cheibriados.
             Slain by a big kobold
             ... wielding a +0 club
              (7 damage)
             ... on level 4 of the Dungeon.
             The game lasted 00:22:06 (5228 turns).

FoCheiMinh the Firebug (Formicid Fire Elementalist) Turns: 5228, Time: 00:22:07

Health: -2/47      AC:  5    Str: 19    XL:     7   Next: 54%
Magic:  0/13       EV: 13    Int: 24    God:    Cheibriados [***...]
Gold:   140        SH:  0    Dex: 18    Spells: 3 memorised, 6 levels left

rFire  + . .     SeeInvis +     r - +0 war axe
rCold  . . .     Gourm    .     a - +0 robe
rNeg   . . .     Faith    .     (no shield)
rPois  .         Spirit   .     (helmet unavailable)
rElec  .         Dismiss  .     p - +0 cloak
rCorr  .         Reflect  .     (no gloves)
SustAt .         Harm     .     (no boots)
MR     .....                    (no amulet)
Stlth  +++.......               m - ring of protection from fire
                                n - ring of stealth

@: very slightly contaminated, very slow, not resistant to hostile enchantments,
fairly stealthy
A: permanent stasis, dig shafts and tunnels, four strong arms, antennae 3,
hooves 1, yellow scales 1, regeneration 1
a: Dig, Shaft Self, Bend Time, Temporal Distortion, Renounce Religion


You were on level 4 of the Dungeon.
You worshipped Cheibriados.
Cheibriados was most pleased with you.
You were hungry.

You visited 2 branches of the dungeon, and saw 6 of its levels.

You collected 140 gold pieces.

Inventory:

Hand Weapons
 e - a +0 hand axe
 l - a +1 dagger of holy wrath
 r - a +0 war axe (weapon)
 z - a +0 trident
 D - a +0 vampiric dagger
Missiles
 i - 345 stones (quivered)
 y - 5 tomahawks of returning
Armour
 a - a +0 robe (worn)
 g - a +0 leather armour
 o - a +0 scale mail
 p - a +0 cloak (worn)
 w - a +0 chain mail
 x - a +0 ring mail
 F - a +4 scale mail
Jewellery
 m - a ring of protection from fire (right hand)
 n - a ring of stealth (left hand)
 u - an uncursed ring of resist corrosion
Scrolls
 d - 2 scrolls of fear {unknown}
 f - a scroll of blinking {unknown}
 h - a scroll of noise {unknown}
 j - 2 scrolls of teleportation {unknown}
 k - 3 scrolls of remove curse {unknown}
 q - 3 scrolls of enchant armour {unknown}
 s - a scroll of fog {unknown}
 B - 2 scrolls of identify {unknown}
Potions
 A - a potion of resistance
Books
 b - a book of Flames

   Spells                             Type                      Level
   a - Flame Tongue                   Conjuration/Fire             1
   b - Throw Flame                    Conjuration/Fire             2
   c - Conjure Flame                  Conjuration/Fire             3
   d - Inner Flame                    Hexes/Fire                   3
   e - Sticky Flame                   Conjuration/Fire             4
   f - Fireball                       Conjuration/Fire             5
 C - a book of Beasts

   Spells                             Type                      Level
   a - Summon Butterflies             Summoning                    1
   b - Call Canine Familiar           Summoning                    3
   c - Summon Ice Beast               Ice/Summoning                4
   d - Summon Mana Viper              Hexes/Summoning              5
   e - Summon Hydra                   Summoning                    7
Comestibles
 c - 3 bread rations
 E - a meat ration


   Skills:
 * Level 0.9 Fighting
 * Level 1.9 Dodging
 + Level 2.6 Stealth
 + Level 4.3 Spellcasting
 * Level 4.5 Conjurations
 + Level 4.7 Fire Magic


You had 6 spell levels left.
You knew the following spells:

 Your Spells              Type           Power        Failure   Level  Hunger
a - Flame Tongue          Conj/Fire      ####.        1%          1    None
f - Conjure Flame         Conj/Fire      ####....     4%          3    ##.....
s - Sticky Flame          Conj/Fire      ####....     17%         4    ####...


Dungeon Overview and Level Annotations

Branches:
Dungeon (5/15)             Temple (1/1) D:4

Altars:
Ashenzari
Cheibriados
Dithmenos
Fedhas
Gozag
Kikubaaqudgha
Makhleb
Nemelex Xobeh
Okawaru
Pakellas
Ru
Sif Muna
Trog
Vehumet
Xom
Yredelemnul
Zin
The Shining One

Annotations:
D:3 Grinder


Innate Abilities, Weirdness & Mutations

You are under a permanent stasis effect.
You can dig through walls and to a lower floor.
Your four strong arms can wield two-handed weapons with a shield.
You have a pair of large antennae on your head (SInv).
You have large cloven feet.
You are partially covered in yellow scales (AC +2).
Your natural rate of healing is unusually fast.


Message History

Press: ? - help, v - describe, . - travel, g - get item
Here: a big kobold, wielding a club (moderately wounded, slow)
A club.
The floor.
Unknown command.
Unknown command.
Unknown command.
Casting: Flame Tongue
Confirm with . or Enter, or press ? or * to list all spells.
Aiming: Sticky Flame
Press: ? - help, Shift-Dir - straight line, f - big kobold, p - kobold
Aim: a big kobold, wielding a club (moderately wounded, slow)
You miscast Sticky Flame.
You are very lightly contaminated with residual magic.
Sparks fly from your hands!
You are feeling hungry.
The big kobold is no longer moving slowly.
The kobold misses you. The kobold hits you but does no damage.
The big kobold hits you with a club!
You die...

#≈≈≈≈≈≈≈#####≈≈≈≈≈≈≈≈≈≈≈≈≈≈≈≈≈≈
#≈≈≈≈≈≈≈#{ ###################
#≈≈≈≈≈≈≈#. #......## ##.....#.
#.. #.......###......'.
#'##........#.......##
#...........#.........
#...........'....)....
#...KKK.....#.........
#'##K@).)...#.......##
#.......###......'. #......##
##.....#. ######## ########


You could see 2 big kobolds and 2 kobolds.

Vanquished Creatures
  2 big kobolds (D:4)
  A scorpion (D:4)
  A hound (D:4)
  A centaur skeleton (D:4)
  3 orc wizards
  A worker ant (D:4)
  6 adders
  2 oozes
  3 worms (D:3)
  3 giant geckos
  8 orcs
  7 bats
  6 giant cockroaches
  18 goblins
  8 hobgoblins
  5 quokkas
  A ball python (D:2)
  7 giant newts
  29 kobolds
  14 rats
126 creatures vanquished.

Notes
Turn   | Place    | Note
--------------------------------------------------------------
     0 | D:1      | FoCheiMinh the Formicid Fire Elementalist began the quest for the Orb.
     0 | D:1      | Reached XP level 1. HP: 13/13 MP: 3/3
   127 | D:1      | Reached skill level 1 in Conjurations
   234 | D:1      | Reached XP level 2. HP: 19/19 MP: 3/5
   703 | D:1      | Reached XP level 3. HP: 24/24 MP: 3/6
   714 | D:1      | Learned a level 3 spell: Conjure Flame
  1544 | D:2      | Found a shadowy altar of Dithmenos.
  1710 | D:2      | Reached XP level 4. HP: 30/30 MP: 6/8
  1814 | D:2      | Found a glowing golden altar of the Shining One.
  1814 | D:2      | Found a basalt altar of Yredelemnul.
  1864 | D:2      | Noticed an angel
  1870 | D:2      | Noticed a profane servitor
  1946 | D:2      | Found a snail-covered altar of Cheibriados.
  1950 | D:2      | Became a worshipper of Cheibriados the Contemplative
  1989 | D:2      | Found an iron altar of Okawaru.
  2359 | D:3      | Noticed Grinder
  2780 | D:3      | Reached * piety under Cheibriados
  2780 | D:3      | Reached XP level 5. HP: 35/35 MP: 5/9
  2936 | D:3      | Found a faded altar to an unknown god.
  3276 | D:3      | Reached skill level 4 in Fire Magic
  3347 | D:3      | Learned a level 4 spell: Sticky Flame
  3500 | D:4      | Reached ** piety under Cheibriados
  3765 | D:4      | Reached XP level 6. HP: 41/41 MP: 5/11
  4009 | D:4      | Found an opulent altar of Gozag.
  4010 | D:4      | Found a glowing silver altar of Zin.
  4177 | D:4      | Found a staircase to the Ecumenical Temple.
  4200 | Temple   | Entered the Ecumenical Temple
  4789 | D:5      | Entered Level 5 of the Dungeon
  4789 | D:5      | Noticed an orc warrior
  4857 | D:4      | Reached XP level 7. HP: 22/46 MP: 4/13
  5023 | D:4      | Reached *** piety under Cheibriados
  5227 | D:4      | Gained mutation: You have large cloven feet. [potion of mutation]
  5227 | D:4      | Gained mutation: You are partially covered in yellow scales (AC +2). [potion of mutation]
  5227 | D:4      | Gained mutation: Your natural rate of healing is unusually fast. [potion of mutation]
  5228 | D:4      | Slain by a big kobold

Vault maps used:
D:1:      scummos_arrival_hexagon
D:2:      grunt_temple_overflow_holy_war, old_standard_altar,
          okawaru_gym_becter, minmay_door_square, cheibriados_altar_1
D:3:      ecumenical_altar_1, uniq_grinder
D:4:      minmay_goblin_kobold_castle, grunt_temple_overflow_gold_and_silver,
          minmay_goblin_outpost
D:5:      first_bread, basic_altar, elyvilon_altar_5
Temple:   circular_temple_12

Action                   |  1- 3 |  4- 6 |  7- 9 || total
-------------------------+-------+-------+-------++-------
Melee: Hand axe          |     3 |    25 |       ||    28
       War axe           |       |       |    11 ||    11
Throw: Stone             |     2 |     2 |       ||     4
 Cast: Flame Tongue      |    63 |   139 |    28 ||   230
       Conjure Flame     |     1 |     1 |       ||     2
Invok: Bend Time         |       |       |     1 ||     1
  Use: Potion            |       |     4 |     2 ||     6
  Eat: Chunk             |     3 |     6 |     1 ||    10
